 Dungeon Crawl Stone Soup version 0.31-a0-1589-g8f5e8aebd6 (webtiles) character file.

Game seed: 10895344304541717201

1056 whatisthis the Conjurer (level 8, 0/57 HPs)
             Began as a Grey Draconian Conjurer on Jan 6, 2024.
             Slain by an orc warrior
             ... wielding a +0 war axe
              (5 damage)
             ... on level 4 of the Dungeon.
             The game lasted 00:15:33 (6508 turns).

whatisthis the Conjurer (Grey Draconian Conjurer)   Turns: 6508, Time: 00:15:34

Health: 0/57       AC: 13    Str: 10    XL:     8   Next: 6%
Magic:  13/15      EV: 13    Int: 21    God:
Gold:   163        SH:  0    Dex:  9    Spells: 14/17 levels left

rFire   . . .        b - +0 whip
rCold   . . .        (no shield)
rNeg    . . .        (body armour unavailable)
rPois   .            (helmet restricted)
rElec   .            u - +0 cloak
rCorr   +            n - +0 pair of gloves
SInv    .            (no boots)
Will    .....        (no amulet)
Stlth   ++           g - ring of resist corrosion
HPRegen 0.29/turn    (no ring)
MPRegen 0.14/turn

%: no passive effects
@: no status effects
A: AC +11, amphibious, unfitting armour, cold-blooded
a: no special abilities


You were on level 4 of the Dungeon.
You visited 1 branch of the dungeon, and saw 4 of its levels.
You also visited: Sewer and Ossuary.

You collected 163 gold pieces.

Inventory:

Hand Weapons
 b - a +0 whip (weapon)
Armour
 n - a +0 pair of gloves (worn)
 u - a +0 cloak (worn)
Magical Staves
 i - a staff of earth
Jewellery
 g - a ring of resist corrosion (left hand)
Scrolls
 f - a scroll of silence {unknown}
 k - 3 scrolls of teleportation {unknown}
 m - 3 scrolls of fog {unknown}
 p - 2 scrolls of revelation {unknown}
 r - a scroll of amnesia {unknown}
 t - 2 scrolls of blinking {unknown}
 v - a scroll of immolation {unknown}
 x - a scroll of enchant weapon {unknown}
Potions
 a - 2 potions of magic
 c - 2 potions of degeneration {unknown}
 d - 4 potions of lignification {unknown}
 e - 4 potions of curing {unknown}
 h - 3 potions of might {unknown}
 j - a potion of brilliance {unknown}
 l - 3 potions of mutation {unknown}
 q - 4 potions of heal wounds {unknown}
 s - 2 potions of haste {unknown}
 w - a potion of resistance {unknown}


   Skills:
 + Level 5.2 Dodging
 - Level 1.7 Stealth
 + Level 5.2 Spellcasting
 + Level 6.7 Conjurations


You had 14 spell levels left.
You knew the following spells:

 Your Spells              Type           Power      Damage    Failure   Level
a - Magic Dart            Conj           100%       1d8       1%          1
b - Searing Ray           Conj           66%        2d6       1%          2

Your spell library contained the following spells:

 Spells                   Type           Power      Damage    Failure   Level
 Fulminant Prism          Conj/Alch      9%         3d6       26%         4
 Iskenderun's Mystic Bla  Conj/Tloc      19%        2d6       26%         4


Dungeon Overview and Level Annotations

Branches:
Dungeon (4/15)              Sewer (visited)         Ossuary (visited)
 Temple: D:4-7

Altars:

Shops:
D:1 =

Annotations:
D:4 1 runed translucent door, Edmund; justen's ghost, amateur MiFi


Innate Abilities, Weirdness & Mutations

Your dull iron-grey scales are very hard. (AC +11)
You are amphibious.
You cannot fit into any form of body armour.
You are cold-blooded and may be slowed by cold attacks.


Message History

Okay, then.
Magic courses through your body.
The orc warrior hits you with a +0 war axe!
* * * LOW HITPOINT WARNING * * *
Okay, then.
Aiming: Throw Flame
Press: ? - help, Shift-Dir - straight line, f/p - orc warrior
Aim: an orc warrior, wielding a +0 war axe and wearing a +0 chain mail (heavily wounded, 64% to hit)
The puff of flame hits the orc warrior.
The orc warrior is heavily wounded.
The orc warrior closely misses you.
Aiming: Throw Flame
Press: ? - help, Shift-Dir - straight line, f/p - orc warrior
Aim: an orc warrior, wielding a +0 war axe and wearing a +0 chain mail (heavily wounded, 64% to hit)
The puff of flame hits the orc warrior.
The orc warrior is severely wounded.
The orc warrior hits you with a +0 war axe.
* * * LOW HITPOINT WARNING * * *
Aiming: Throw Flame
Press: ? - help, Shift-Dir - straight line, f/p - orc warrior
Aim: an orc warrior, wielding a +0 war axe and wearing a +0 chain mail (severely wounded, 64% to hit)
The puff of flame misses the orc warrior.
The orc warrior closely misses you.
Unknown command.
Aiming: Throw Flame
Press: ? - help, Shift-Dir - straight line, f/p - orc warrior
Aim: an orc warrior, wielding a +0 war axe and wearing a +0 chain mail (severely wounded, 64% to hit)
The puff of flame misses the orc warrior.
The now-empty wand crumbles to dust.
The orc warrior hits you but does no damage.
Casting: Magic Dart (safe; 1% risk of failure)
Confirm with . or Enter, or press ? or * to list all spells.
Aiming: Searing Ray (safe; 1% risk of failure)
Press: ? - help, Shift-Dir - straight line, f/p - orc warrior
Aim: an orc warrior, wielding a +0 war axe and wearing a +0 chain mail (severely wounded, 78% to hit)
The searing ray hits the orc warrior.
The orc warrior is almost dead. (Press . to maintain the ray.)
The orc warrior hits you with a +0 war axe.
You die...

#......# #.# #####
##############..##..###.# ##....
.............#..##....#.# #..###
.~...~.#.###.#..........# #.##
~....~...######.##.##.### #.#
~~~~~≈~≈≈≈≈## #.##.#...#####.# #
~~≈~≈~~≈≈≈≈≈###.##...........# #
...%..~.~##≈##..####...##########
~..~~.~...#≈≈#..@o...........)...
..~.~..#.######.##.............).
..............#.##.##÷#.########.
.....<.....#.##.##.##÷#.########.
#####.##.#.#. #.##.##............
###.##..... #.##.####.###......
#........####.##.# ##.# ######.
###.#.###..# #.##.# #..########.
..#.#.###..####.##.# #.#....))...


You could see an orc warrior.

Vanquished Creatures
  A black bear (D:4)
  2 elf zombies (Ossuary)
  2 bullfrogs (Sewer)
  2 centaur zombies (Ossuary)
  A hound (D:4)
  2 human zombies (Ossuary)
  An orc priest (D:4)
  A sleepcap (D:4)
  An orc wizard (D:4)
  5 hound zombies (Ossuary)
  2 mummies (Ossuary)
  Robin (D:1)
  15 adders
  6 river rats (Sewer)
  8 adder zombies (Ossuary)
  2 ribbon worms
  5 orcs (D:4)
  17 ball pythons
  5 endoplasms
  3 giant cockroaches
  5 gnoll zombies (Ossuary)
  13 goblins
  6 hobgoblins
  11 jackals
  6 kobolds
  4 quokkas
  5 bats
  7 frilled lizards
  3 jackal zombies (Ossuary)
  5 kobold zombies (Ossuary)
  5 orc zombies (Ossuary)
  24 rats
176 creatures vanquished.

Notes
Turn   | Place    | Note
-------+----------+-------------------------------------------
     0 | D:1      | whatisthis the Draconian Conjurer began the quest for the
                  | Orb.
     0 | D:1      | Reached XP level 1. HP: 14/14 MP: 3/3
     2 | D:1      | Noticed an elf
     4 | D:1      | Noticed a gargoyle
     4 | D:1      | Noticed a felid
     6 | D:1      | Noticed a spriggan
     6 | D:1      | Noticed an octopode
     8 | D:1      | Noticed a vine stalker
     8 | D:1      | Noticed a demonspawn
    10 | D:1      | Noticed a human
    10 | D:1      | Noticed a demigod
    12 | D:1      | Noticed a merfolk
    12 | D:1      | Noticed a barachi
    14 | D:1      | Noticed a djinni
    16 | D:1      | Noticed a naga
    16 | D:1      | Noticed a vampire
    19 | D:1      | Noticed an armataur
    21 | D:1      | Noticed a draconian
    21 | D:1      | Noticed a formicid
    23 | D:1      | Noticed a tengu
    23 | D:1      | Noticed a troll
    25 | D:1      | Noticed a minotaur
    25 | D:1      | Noticed a ghoul
    27 | D:1      | Noticed an oni
   166 | D:1      | Found Koyntops's Jewellery Boutique.
   207 | D:1      | Reached XP level 2. HP: 20/20 MP: 1/5
   757 | D:1      | Learned a level 2 spell: Searing Ray
   758 | D:2      | Noticed Robin
   819 | D:2      | Reached XP level 3. HP: 21/26 MP: 1/6
   891 | D:1      | Killed Robin
  2274 | D:3      | Reached XP level 4. HP: 33/33 MP: 3/8
  2418 | D:3      | Found a glowing drain.
  2426 | Sewer    | Entered a sewer
  2666 | Sewer    | Reached XP level 5. HP: 17/38 MP: 0/9
  2882 | Sewer    | Reached skill level 5 in Conjurations
  3192 | Sewer    | Reached XP level 6. HP: 45/45 MP: 11/11
  3546 | D:3      | Found a faded altar of an unknown god.
  4343 | D:4      | Noticed Edmund
  4565 | D:4      | Found a sand-covered staircase.
  4601 | D:4      | Your scales start taking on a dull iron-grey colour.
  4601 | D:4      | Reached XP level 7. HP: 38/50 MP: 3/13
  4673 | Ossuary  | Entered an ossuary
  5167 | Ossuary  | Reached skill level 6 in Conjurations
  5828 | Ossuary  | Reached skill level 5 in Dodging
  5828 | Ossuary  | Reached skill level 5 in Spellcasting
  6369 | D:4      | Found a runed translucent door.
  6398 | D:4      | Noticed justen's ghost (amateur MiFi)
  6404 | D:4      | Reached XP level 8. HP: 57/57 MP: 12/15
  6508 | D:4      | Slain by an orc warrior

Illustrated notes

Levels and vault maps discovered:
D:1:      kb_arrival_jail, layout_rooms, serial_shops, nicolae_shop_statue_plus
D:2:      layout_basic, grunt_decor_mini_mirrors, uniq_robin
D:3:      cheibrodos_old_hovel, layout_basic, ebering_ecumenical_altar_webs,
          mainiacjoe_sewer_entry_somewhere_in_here_2, kennysheep_small_spiral
D:4:      layout_loops_ring, nicolae_overflow_guarded_unrand_okawaru_victory,
          gammafunk_ghost_grave, nicolae_ossuary_entry_ruins,
          chequers_serial_rivers_small_3, uniq_edmund

Skill      XL: |  1  2  3  4  5  6  7 |
---------------+----------------------+-----
Dodging        | 2 3 4 5 |  5.2
Spellcasting   | 3 4 5 |  5.2
Conjurations   | 5 6 |  6.7
Stealth        | |  1.7

Action                     |  1- 3 |  4- 6 |  7- 9 || total
---------------------------+-------+-------+-------++-------
  Melee: Unarmed           |     3 |       |       ||     3
         Whip              |    23 |    62 |    41 ||   126
         Tailslap          |     5 |     1 |     3 ||     9
         Punch             |       |       |     1 ||     1
   Cast: Magic Dart        |    56 |    47 |    18 ||   121
         Searing Ray       |    10 |    34 |    42 ||    86
  Evoke: Wand              |       |    16 |     4 ||    20
    Use: Potion            |       |     1 |     1 ||     2
 Armour: Skin              |    20 |    92 |    83 ||   195
  Dodge: Dodged            |    36 |   125 |    84 ||   245

Table legend: (Time is in decaauts)
 A = Elapsed time spent in this place.
 B = Non-inter-level travel time spent in this place.
 C = Inter-level travel time spent in this place.
 D = Time resting spent in this place.
 E = Time spent auto-exploring this place.
 F = Levels seen in this place.
 G = Mean time per level.
                   A        B        C        D        E       F      G
               +--------+--------+--------+--------+--------+-----+--------+
         Total |   6611 |   6491 |    120 |   1816 |   3191 |   6 | 1101.8 |
       Dungeon |   4481 |   4361 |    120 |    554 |   3041 |   4 | 1120.2 |
         Sewer |    872 |    872 |      0 |    387 |    149 |   1 |  872.0 |
       Ossuary |   1257 |   1257 |      0 |    875 |      0 |   1 | 1257.0 |
               +--------+--------+--------+--------+--------+-----+--------+

Top non-repeatable levels by time:
     D:2: 1338 daAuts
     D:3: 1302 daAuts
 Ossuary: 1257 daAuts
     D:1: 937 daAuts
     D:4: 903 daAuts
   Sewer: 872 daAuts
